 Dungeon Crawl Stone Soup version 0.30-a0-394-g3e4acdb0ae (webtiles) character file.

Game seed: 17104732284870056170

48 porpoise the Magician (level 4, 0/33 HPs)
             Began as a Djinni Fire Elementalist on Dec 7, 2022.
             Slain by an orc
             ... wielding a +0 flail
              (5 damage)
             ... on level 3 of the Dungeon.
             The game lasted 00:06:09 (1840 turns).

porpoise the Magician (Djinni Fire Elementalist)    Turns: 1840, Time: 00:06:10

Health: 0/33       AC:  3    Str:  7    XL:     4   Next: 0%
Gold:   83         EV: 12    Int: 18    God:
                   SH:  0    Dex: 14

rFire   + + .      SeeInvis .    a - +0 war axe (venom)
rCold   x . .      Faith    .    (no shield)
rNeg    . . .      Spirit   .    e - +0 robe
rPois   ∞          Reflect  .    (no helmet)
rElec   .          Harm     .    (no cloak)
rCorr   .          Rampage  .    k - +0 pair of gloves
Will    .....                    (boots unavailable)
Stlth   ++........               (no amulet)
HPRegen 0.25/turn                (no ring)
MPRegen 0.00/turn                (no ring)

@: flying
A: sickness immunity, fire resistance 2, cold vulnerability 1, float, innate
caster, HP casting, extra vitality 1
a: no special abilities


You were on level 3 of the Dungeon.
You visited 1 branch of the dungeon, and saw 3 of its levels.

You collected 83 gold pieces.

Inventory:

Hand Weapons
 a - a +0 war axe of venom (weapon)
 m - a +0 dagger
Armour
 e - a +0 robe (worn)
 k - a +0 pair of gloves (worn)
 l - an orb of light
Scrolls
 b - a scroll of blinking
 f - a scroll of torment {unknown}
 g - 4 scrolls of identify {unknown}
Potions
 c - 2 potions of invisibility {unknown}
 d - a potion of mutation {unknown}
 h - 2 potions of heal wounds {unknown}
 i - a potion of curing {unknown}
 j - 2 potions of might {unknown}


   Skills:
 + Level 2.1 Fighting
 - Level 2.1 Dodging
 - Level 1.5 Stealth
 + Level 3.0 Spellcasting


You couldn't memorise any spells.
You knew the following spells:

 Your Spells              Type           Power      Damage    Failure   Level
a - Foxfire               Conj/Fire      52%        2x1d6     4%          1
b - Scorch                Fire           26%        2d6       7%          2
c - Kindle Blastsparks    Fire/Tloc/Air  26%        2d12      14%         3
d - Inner Flame           Hex/Fire       13%        N/A       14%         3
e - Flame Wave            Conj/Fire      13%        2d6       41%         4
f - Beastly Appendage     Tmut           26%        N/A       4%          1
Your spell library was empty.

Dungeon Overview and Level Annotations

Branches:
Dungeon (3/15)

Altars:
Dithmenos


Innate Abilities, Weirdness & Mutations

You are immune to sickness and miasma.
You are immune to poison.
Your flesh is very heat resistant. (rF++)
You are vulnerable to cold. (rC-)
You float through the air rather than walking.
You learn spells naturally, not from books.
Your magical power is your life essence.
You have superior vitality. (+4 MHP)


Message History

You conjure some foxfire!
The foxfire hits the orc.
The orc is lightly wounded.
The orc priest hits you with a +0 falchion.
Casting: Foxfire (safe; 4% risk of failure)
Confirm with . or Enter, or press ? or * to list all spells.
Flames lash the orc priest.
The orc priest is moderately wounded.
The orc priest's fire resistance burns away.
The foxfire hits the orc.
The orc is almost dead.
The orc priest hits you with a +0 falchion.
Casting: Scorch (safe; 7% risk of failure)
Confirm with . or Enter, or press ? or * to list all spells.
You conjure some foxfire!
The orc closely misses you.
The orc priest calls upon Beogh to heal the orc.
The orc's wounds heal themselves!
You closely miss the orc. You hit the orc priest.
The orc priest is poisoned.
The orc priest is no longer more vulnerable to fire.
The foxfire hits the orc.
The orc is lightly wounded.
The foxfire hits the orc.
The orc is heavily wounded.
The orc hits you with a +0 flail!
The orc priest hits you with a +0 falchion.
* * * LOW HITPOINT WARNING * * *
Casting: Foxfire (safe; 4% risk of failure)
Confirm with . or Enter, or press ? or * to list all spells.
Flames lash the orc.
The orc is almost dead.
The orc's fire resistance burns away.
* * * LOW HITPOINT WARNING * * *
The orc misses you.
The orc priest hits you with a +0 falchion.
* * * LOW HITPOINT WARNING * * *
Casting: Scorch (safe; 7% risk of failure)
Confirm with . or Enter, or press ? or * to list all spells.
You conjure some foxfire!
* * * LOW HITPOINT WARNING * * *
The orc hits you with a +0 flail.
You die...

# . . .# ..# #.#####
..# #......#####.#
......o@v.##.#
......ov#.##.#
....)...#....###
........)......# .....#
........###....#......#
........# ##...#......#
........####...##.....#
...............##.....#
#######......##.....##


You could see an orc priest (poisoned, ally target) and an orc (combustible,
ally target).

Vanquished Creatures
  An adder (D:2)
  A worm (D:3)
  An orc (D:3)
  6 endoplasms
  2 giant cockroaches
  A goblin (D:1)
  7 hobgoblins
  2 kobolds
  5 ball pythons
  4 bats
  A rat (D:1)
31 creatures vanquished.

Vanquished Creatures (others)
  89 foxfires
89 creatures vanquished.

Grand Total: 120 creatures vanquished

Notes
Turn   | Place    | Note
-------+----------+-------------------------------------------
     0 | D:1      | porpoise the Djinni Fire Elementalist began the quest for
                  | the Orb.
     0 | D:1      | porpoise set off with the following spells memorised:
                  | Foxfire, Scorch, Kindle Blastsparks, Inner Flame, Flame
                  | Wave.
     0 | D:1      | Reached XP level 1. HP: 15/15 MP: 0/0
   131 | D:1      | Reached skill level 1 in Fighting
   131 | D:1      | Reached XP level 2. HP: 21/22 MP: 0/0
   759 | D:2      | Reached XP level 3. HP: 26/27 MP: 0/0
   759 | D:2      | Learned a level 1 spell: Beastly Appendage
   936 | D:2      | Found a shadowy altar of Dithmenos.
  1175 | D:2      | Reached skill level 3 in Spellcasting
  1550 | D:2      | Found a faded altar of an unknown god.
  1831 | D:3      | Reached XP level 4. HP: 32/33 MP: 0/0
  1840 | D:3      | Slain by an orc

Illustrated notes

Levels and vault maps discovered:
D:1:      dpeg_arrival_tiny_c, layout_loops_cross
D:2:      layout_basic, basic_ecumenical_altar, basic_altar
D:3:      layout_basic, okawaru_trees_2, nicolae_overflow_crystal_walls

Skill      XL: |  1  2  3 |
---------------+----------+-----
Fighting       | 1 2 |  2.1
Spellcasting   | 3 |  3.0
Dodging        | |  2.1
Stealth        | |  1.5

Action                   |  1- 3 |  4- 6 || total
-------------------------+-------+-------++-------
Melee: Unarmed           |     5 |       ||     5
       Dagger            |     1 |       ||     1
       War axe           |     4 |     1 ||     5
 Cast: Foxfire           |    50 |     5 ||    55
       Scorch            |     5 |     2 ||     7
  Use: Scroll            |     1 |       ||     1
Armor: Robe              |     8 |       ||     8
Dodge: Dodged            |    14 |     2 ||    16

Table legend: (Time is in decaauts)
 A = Elapsed time spent in this place.
 B = Non-inter-level travel time spent in this place.
 C = Inter-level travel time spent in this place.
 D = Time resting spent in this place.
 E = Time spent auto-exploring this place.
 F = Levels seen in this place.
 G = Mean time per level.
                   A        B        C        D        E       F      G
               +--------+--------+--------+--------+--------+-----+--------+
         Total |   1841 |   1740 |    101 |    315 |   1184 |   3 |  613.7 |
       Dungeon |   1841 |   1740 |    101 |    315 |   1184 |   3 |  613.7 |
               +--------+--------+--------+--------+--------+-----+--------+

Top non-repeatable levels by time:
     D:2: 884 daAuts
     D:1: 751 daAuts
     D:3: 205 daAuts
